Map: Miner Evacuation

Players

ViS

  • Race: Zerg Zerg

Yuriprime

  • Race: Terran Terran
  • Spawn Location: 7:00

VOD

Have the link to the VOD?

Description

Time

  • Played on: Dec. 16, 2017, 10:10 p.m.
  • Length: 21:30
Show
View Real Time Build Order
Export as new Build Order

ViS Zerg 

Build Orders:  

Get SALT Encoding   

  18  0:03  Primal Drone  
  19  0:14  Primal Drone  
  19  0:18  Primal Drone  
  21  0:29  Extractor  
  21  0:53  Primal Warden  
  21  0:56  Primal Drone  
  23  1:03  Primal Drone  
  23  1:08  Primal Drone  
  25  1:19  Primal Drone  
  26  1:28  Primal Drone  
  27  1:51  Primal Drone  
  27  1:52  Extractor  
  28  2:03  Glevig's Den  
  27  2:22  Primal Drone x2  
  29  2:38  Primal Drone  
  30  2:42  Primal Drone  
  31  2:57  Primal Drone  
  32  3:06  Primal Warden  
  33  3:17  Primal Drone  
  34  3:33  Primal Drone  
  35  3:44  Murvar's Den  
  34  3:51  Primal Drone  
  35  4:04  Primal Drone  
  41  4:15  Primal Hive  
  41  4:26  Primal Drone  
  41  4:28  Primal Roach x2  
  46  5:01  Primal Drone x2  
  46  5:02  Primal Roach x2  
  52  5:16  Primal Roach x2  
  56  5:20  Primal Drone  
  57  6:00  Primal Roach x3  
  57  6:05  Primordial Fury  
  57  6:09  Dakrun's Den  
  62  7:03  Primal Guardian x2  
  62  7:04  Primal Guardian x2  
  58  7:40  Primal Drone x4  
  58  7:41  Explosive Spores  
  58  7:46  Primal Hive  
  58  7:47  Primal Zergling x2  
  67  7:52  Primal Wurm x2  
  67  7:53  Primal Wurm  
  67  7:54  Primal Drone x4  
  68  8:03  Primal Drone  
  68  8:04  Primal Drone, Extractor x2  
  68  8:05  Primal Drone  
  71  8:12  Primal Roach  
  73  8:35  Primal Drone x2  
  73  8:36  Primal Drone x2  
  77  8:44  Primal Drone x2  
  79  8:56  Primal Guardian  
  79  8:58  Primal Attacks Level 1  
  79  8:59  Primal Drone  
  79  9:00  Primal Drone  
  80  9:22  Primal Roach  
  80  9:23  Primal Roach x4  
  80  9:24  Primal Roach  
  92  9:59  Primal Roach x4  
  98  10:01  Primal Drone x2  
  98  10:02  Primal Drone x5  
  98  10:04  Primal Drone  
  98  10:05  Primal Carapace Level 1  
  106  10:48  Primal Guardian x2  
  104  10:50  Primal Guardian  
  104  10:51  Primal Guardian x2  
  101  11:29  Primal Roach x4  
  109  11:30  Primal Roach x3  
  109  11:31  Primal Roach  
  117  12:07  Primal Guardian  
  117  12:08  Primal Guardian x3  
  113  12:19  Primal Wurm  
  121  12:20  Primal Drone x2, Primal Wurm  
  121  12:21  Primal Drone, Primal Wurm  
  121  12:23  Primal Wurm  
  121  12:24  Primal Wurm  
  121  12:25  Primal Wurm  
  121  12:27  Primal Wurm  
  121  12:28  Primal Wurm  
  124  12:48  Primal Roach x3  
  124  12:49  Primal Roach  
  132  12:54  Primal Roach x3  
  122  14:24  Primal Drone  
  122  14:25  Primal Drone x9  
  122  14:29  Primal Roach x4  
  142  14:30  Primal Roach x4  
  142  14:34  Primal Wurm  
  142  14:35  Primal Wurm x3  
  148  14:51  Primal Roach x4  
  156  15:01  Primal Guardian  
  156  15:02  Primal Guardian x5  
  156  15:03  Primal Guardian  
  146  16:05  Primal Wurm  
  146  16:07  Primal Wurm  
  148  16:24  Primal Drone x5  
  148  16:25  Primal Attacks Level 2, Primal Carapace Level 2  
  156  16:34  Primal Wurm x2  
  156  16:36  Primal Wurm  
  156  17:24  Primal Roach x2  
  156  17:25  Primal Roach x5  
  156  17:26  Primal Roach x3  
  156  18:05  Primal Drone  
  156  18:06  Primal Drone x9  
  154  18:19  Primal Guardian x4  
  150  18:20  Primal Guardian x3  
  144  19:06  Primal Roach x3  
  144  19:07  Primal Roach x6  
  144  19:08  Primal Roach  
Show
View Real Time Build Order
Export as new Build Order

Yuriprime Terran 

Build Orders:  

Get SALT Encoding   

  12  1:26  Supply Depot  
  12  2:55  SCV  
Tags
 
Add a new tag
Caveats
  • Supply blocks, unpowered buildings, or Contaminate may cause inaccurate times.
  • Supply counts are checked every 10 seconds.